 Dungeon Crawl Stone Soup version 0.18.1-5-g4a78601 (webtiles) character file.

25543 namelastname112 the Covert (level 12, -1/106 HPs)
             Began as a Yellow Draconian Assassin on May 11, 2016.
             Was an Initiate of Gozag.
             Slain by a six-headed hydra (10 damage)
             ... on level 2 of the Lair of Beasts.
             The game lasted 00:36:50 (21228 turns).

namelastname112 the Covert (DrAs)                  Turns: 21228, Time: 00:36:51

Health: -1/106     AC: 10    Str: 17    XL:     12   Next: 90%
Magic:  12/12      EV: 18    Int: 12    God:    Gozag
Gold:   2662       SH:  0    Dex: 18    Spells: 2 memorised, 7 levels left

rFire  + . .     SeeInvis .     q - +4 dagger (chaos)
rCold  . . .     Gourm    .     (armour unavailable)
rNeg   . . .     Faith    .     (no shield)
rPois  .         Spirit   .     O - +0 hat {MR+}
rElec  .         Dismiss  .     c - +0 cloak
rCorr  +         Reflect  .     x - +0 pair of gloves
SustAt .         Harm     .     (no boots)
MR     +....     Clarity  +     (no amulet)
Stlth  +++++.....               o - +2 ring of dexterity
                                v - ring of protection from fire

@: lethally poisoned (-1 -> -4), gold aura, flying, somewhat resistant to
hostile enchantments, quite stealthy
A: spit acid, acid resistance, unfitting armour, big wings, fangs 1, horns 1,
clarity, strong 1, cold-blooded, AC +8
a: Spit Acid, Stop Flying, Potion Petition, Call Merchant, Bribe Branch,
Renounce Religion


You were on level 2 of the Lair of Beasts.
You worshipped Gozag.
Gozag was noncommittal.
You were not hungry.

You visited 3 branches of the dungeon, and saw 16 of its levels.
You also visited: Bailey.

You collected 3246 gold pieces.
You spent 144 gold pieces at shops.
You paid 169 gold pieces to Gozag.

Inventory:

Hand Weapons
 b - a +1 blowgun
 q - a +4 dagger of chaos (weapon)
 z - a +0 dagger of venom
Missiles
 d - 65 poisoned needles
 e - a curare-tipped needle
 F - 4 throwing nets (quivered)
Armour
 c - a +0 cloak (worn)
 x - a +0 pair of gloves (worn)
 O - a +0 hat of magic resistance (worn)
Magical Staves
 h - an uncursed staff of air
Jewellery
 l - an uncursed ring of sustain attributes
 o - a +2 ring of dexterity (right hand)
 v - a ring of protection from fire (left hand)
 Q - an uncursed ring of positive energy
Wands
 j - a wand of enslavement (6/24)
 w - a wand of acid (6/15)
 G - a wand of heal wounds (2/9)
 K - a wand of confusion (6/48)
 L - a wand of acid (6/15)
 R - a wand of digging (12/24)
 T - a wand of acid (8/15)
Scrolls
 g - 2 scrolls of amnesia
 i - 2 scrolls of blinking
 k - 3 scrolls of magic mapping
 m - 2 scrolls of teleportation
 p - 9 scrolls of remove curse
 I - 2 scrolls of identify
 V - a scroll of recharging
Potions
 a - a potion of berserk rage
 n - 2 potions of cure mutation {unknown}
 s - a potion of magic
 t - 2 potions of brilliance
 u - a potion of agility
 A - 2 potions of heal wounds
 B - a potion of lignification
 C - 6 potions of curing
 D - 3 potions of flight
 H - a potion of cancellation
 J - a potion of resistance
 P - a potion of invisibility
Books
 r - a book of the Earth

   Spells                             Type                      Level
   a - Leda's Liquefaction            Hexes/Earth                  4
   b - Bolt of Magma                  Conjuration/Fire/Earth       5
   c - Statue Form                    Transmutation/Earth          6
   d - Iron Shot                      Conjuration/Earth            6
   e - Shatter                        Earth                        9
 y - a book of Air

   Spells                             Type                      Level
   a - Shock                          Conjuration/Air              1
   b - Swiftness                      Charms/Air                   2
   c - Repel Missiles                 Charms/Air                   2
   d - Static Discharge               Conjuration/Air              3
   e - Lightning Bolt                 Conjuration/Air              5
 M - a book of Death

   Spells                             Type                      Level
   a - Corpse Rot                     Necromancy                   2
   b - Sublimation of Blood           Necromancy                   2
   c - Agony                          Necromancy                   5
   d - Dispel Undead                  Necromancy                   5
   e - Excruciating Wounds            Charms/Necromancy            5
   f - Bolt of Draining               Conjuration/Necromancy       5
 N - the Guide on Stones and Ice
   (You found it on level 9 of the Dungeon)

   Spells                             Type                      Level
   a - Ensorcelled Hibernation        Hexes/Ice                    2
   b - Passwall                       Transmutation/Earth          2
   c - Ozocubu's Armour               Charms/Ice                   3
   d - Freezing Cloud                 Conjuration/Ice/Air          6
   e - Statue Form                    Transmutation/Earth          6
 U - an Akashic Record

   Spells                             Type                      Level
   a - Dispersal                      Translocation                6
   b - Malign Gateway                 Summoning/Translocation      7
   c - Disjunction                    Translocation                8
   d - Controlled Blink               Translocation                8
Miscellaneous
 E - a lamp of fire (inert)
 S - an ornate deck of wonders {drawn: 2}
Comestibles
 f - 7 bread rations


   Skills:
 + Level 9.8 Fighting
 + Level 11.4 Short Blades
 + Level 7.9 Throwing
 + Level 7.4 Dodging
 * Level 12.3 Stealth
 + Level 2.1 Charms


You had 7 spell levels left.
You knew the following spells:

 Your Spells              Type           Power        Failure   Level  Hunger
a - Passwall              Trmt/Erth      #.........   52%         2    ###....
b - Repel Missiles        Chrm/Air       #.....       34%         2    ###....


Dungeon Overview and Level Annotations

Branches:
Dungeon (13/15)            Temple (1/1) D:7            Lair (2/8) D:10
    Orc (0/2) D:11
 Vaults: D:13-14

Altars:
Ashenzari
Cheibriados
Dithmenos
Elyvilon
Fedhas
Gozag
Kikubaaqudgha
Makhleb
Nemelex Xobeh
Okawaru
Pakellas
Qazlal
Ru
Sif Muna
Trog
Vehumet
Xom
Yredelemnul
Zin
The Shining One
Beogh

Shops:
D:11 *   D:12 !*(%


Innate Abilities, Weirdness & Mutations

You can spit globs of acid.
You are resistant to acid.
Your golden yellow scales are hard (AC +8).
Your body does not fit into most forms of armour.
You are cold-blooded and may be slowed by cold attacks.
Your large and strong wings let you fly indefinitely.
You have very sharp teeth.
You have a pair of small horns on your head.
You possess an exceptional clarity of mind.
Your muscles are strong. (Str +2)


Message History

The six-headed hydra bites you!
The six-headed hydra closely misses you.
Ekluoxiw hits the six-headed hydra from afar with a trident of piercing!!
You take 23 damage, and have 61/106 hp.
MASSIVE DAMAGE!!
You hit the six-headed hydra.
The six-headed hydra seems to speed up.
You tail-slap the six-headed hydra.
The six-headed hydra is almost dead.
You feel sick.
You take 1 damage, and have 60/106 hp.
You hit the six-headed hydra but do no damage.
Nothing appears to happen.
You headbutt the six-headed hydra!
The six-headed hydra is almost dead.
The six-headed hydra bites you!! The six-headed hydra bites you! x2
* * * LOW HITPOINT WARNING * * *
The six-headed hydra completely misses you.
The six-headed hydra bites you!
* * * LOW HITPOINT WARNING * * *
The six-headed hydra bites you!
You die...
Your body crumbles into a pile of gold.

#......§...
#...:.§....
#....§..?#
##...§...#
#...E...####
##.......#...
##....D....# . P
###.....@....#..
##.#.....m.....#
.#..............
#............#..
###.........####P.
##..........#.#
##..........####
###.............# P
###..............##


You could see a six-headed hydra, the friendly Ekluoxiw the merfolk and a
friendly fire elemental.

Vanquished Creatures
  Gastronok (Lair:1)
  A catoblepas (D:10)
  A centaur warrior (D:13)
  The ghost of mopl the Covert, a journeyman HEEn of Dithmenos (Lair:2)
  An unseen horror (D:11)
  Pikel (D:9)
  3 hill giants
  An orc knight (D:11)
  A deep elf mage (D:12)
  2 ugly things
  A cyclops (D:11)
  A centaur zombie (D:11)
  A guardian serpent (shapeshifter) (D:12)
  The ghost of Zebura the Apprentice, a novice KoAr of Pakellas (Bailey)
  Psyche (D:11)
  A gargoyle (D:10)
  3 spiny frogs (Lair:1)
  3 komodo dragons
  A two-headed ogre (D:11)
  2 shadows
  Sigmund (D:2)
  2 humans (D:9)
  4 wyverns
  8 hippogriffs
  9 yaks
  5 hungry ghosts
  Grum (D:9)
  2 wargs (D:10)
  4 water moccasins
  4 porcupines
  6 sky beasts
  6 orc warriors
  2 slaves (D:9)
  8 ice beasts
  A phantom (D:12)
  A necrophage (D:7)
  9 ogres
  3 black bears
  2 wolves (D:9)
  4 centaurs
  2 crocodiles (Lair:1)
  16 giant frogs
  8 gnoll sergeants (Bailey)
  A water moccasin zombie (D:8)
  8 scorpions
  10 killer bees
  13 wights
  A vampire bat (D:3)
  A howler monkey (D:4)
  5 crimson imps
  2 giant frog zombies (D:11)
  A wasp zombie (D:9)
  2 jellies
  12 hounds
  4 orc priests
  10 orc wizards
  3 giant frog skeletons
  5 gnoll shamans (Bailey)
  Crazy Yiuf (D:4)
  Jessica (D:3)
  Terence (D:3)
  5 iguanas
  8 worker ants
  A worker ant zombie (D:7)
  Robin (D:4)
  14 gnolls (Bailey)
  10 adders
  5 river rats (Lair:2)
  2 shadow imps
  2 oozes
  An adder skeleton (D:9)
  An adder zombie (D:6)
  6 giant geckos
  43 orcs
  3 ball pythons
  13 bats
  8 giant cockroaches
  12 goblins
  6 hobgoblins
  4 jackals
  3 quokkas
  2 giant newts (D:4)
  A jackal skeleton (D:4)
  2 kobolds (D:1)
  A quokka zombie (D:9)
  4 rats
375 creatures vanquished.

Vanquished Creatures (others)
  A slave (D:9)
  A crimson imp (D:12)
  A quasit (D:12)
  A worker ant zombie (D:9)
  An orc (D:9)
  3 fungi
  2 plants (Lair:2)
10 creatures vanquished.

Grand Total: 385 creatures vanquished

Notes
Turn   | Place    | Note
--------------------------------------------------------------
     0 | D:1      | namelastname112 the Draconian Assassin began the quest for the Orb.
     0 | D:1      | Reached XP level 1. HP: 17/17 MP: 1/1
    12 | D:1      | Reached skill level 1 in Dodging
   299 | D:1      | Reached XP level 2. HP: 20/25 MP: 2/2
   853 | D:2      | Noticed Sigmund
   862 | D:2      | Killed Sigmund
   862 | D:2      | Reached skill level 4 in Stealth
   862 | D:2      | Reached XP level 3. HP: 19/31 MP: 3/3
   862 | D:2      | Reached XP level 4. HP: 24/38 MP: 4/4
   862 | D:2      | Reached XP level 5. HP: 28/45 MP: 5/5
  1431 | D:3      | Noticed Terence
  1438 | D:3      | Killed Terence
  1540 | D:3      | Gained mutation: You are clumsy. (Dex -2) [potion of mutation]
  1540 | D:3      | Gained mutation: You possess an exceptional clarity of mind. [potion of mutation]
  1540 | D:3      | Gained mutation: You passively map a small area around you. [potion of mutation]
  1554 | D:3      | Reached XP level 6. HP: 4/51 MP: 6/6
  1906 | D:2      | Gained mutation: Your large and strong wings let you fly indefinitely. [potion of mutation]
  1906 | D:2      | Gained mutation: You have a pair of small horns on your head. [potion of mutation]
  1907 | D:2      | Gained mutation: You have very sharp teeth. [potion of mutation]
  1907 | D:2      | Gained mutation: Your muscles are strong. (Str +2) [potion of mutation]
  1907 | D:2      | Lost mutation: You passively map a small area around you. [potion of mutation]
  1929 | D:2      | Found a faded altar to an unknown god.
  2372 | D:3      | Reached skill level 5 in Stealth
  2525 | D:3      | Noticed Jessica
  2534 | D:3      | Killed Jessica
  3042 | D:4      | jacquesderrida: ХУЛЬ ТЫ ПОМЕР
  3094 | D:3      | namelastname112: лажаю
  3400 | D:4      | Your scales start taking on a golden yellow colour.
  3400 | D:4      | Reached XP level 7. HP: 56/59 MP: 7/7
  3406 | D:4      | Noticed a hungry ghost
  3413 | D:4      | Killed a hungry ghost
  3605 | D:4      | Noticed Robin
  3626 | D:4      | Killed Robin
  3626 | D:4      | Reached skill level 5 in Short Blades
  3905 | D:4      | Noticed Crazy Yiuf
  3911 | D:4      | Killed Crazy Yiuf
  4019 | D:5      | Entered Level 5 of the Dungeon
  4055 | D:5      | Reached skill level 6 in Stealth
  4261 | D:5      | Reached XP level 8. HP: 67/67 MP: 8/8
  4668 | D:6      | Reached skill level 5 in Fighting
  5131 | D:6      | Reached skill level 7 in Stealth
  5530 | D:7      | xeno23: спеллбиндер вообще норм штука?
  5576 | D:7      | namelastname112: ну вообще да
  5576 | D:7      | namelastname112: тебе хз как пойдет
  5587 | D:7      | xeno23: но спену нет
  5594 | D:7      | xeno23: жаль
  5616 | D:7      | Reached XP level 9. HP: 53/74 MP: 9/9
  5856 | D:7      | Found a staircase to the Ecumenical Temple.
  5864 | Temple   | Entered the Ecumenical Temple
  5898 | Temple   | Became a worshipper of Gozag Ym Sagoz the Greedy
  6519 | D:7      | Noticed a cyan ugly thing
  6528 | D:7      | Lost mutation: You are clumsy. (Dex -2) [potion of beneficial mutation]
  6568 | D:7      | Killed a cyan ugly thing
  6596 | D:7      | Reached skill level 8 in Stealth
  7089 | D:8      | Found a flagged portal.
  7099 | Bailey   | Entered a bailey
  7914 | Bailey   | Noticed Zebura's ghost (novice KoAr)
  7933 | Bailey   | Killed Zebura's ghost
  7933 | Bailey   | Reached skill level 5 in Throwing
  8498 | Bailey   | Reached XP level 10. HP: 80/84 MP: 10/10
  9654 | D:8      | Reached skill level 9 in Stealth
 10224 | D:9      | Found an iron altar of Okawaru.
 10536 | D:9      | Reached skill level 5 in Dodging
 10555 | D:9      | Noticed Pikel
 10575 | D:9      | Killed Pikel
 10598 | D:9      | Noticed Grum
 10604 | D:9      | jacquesderrida: ЗЕРНО!!!!!!!!
 10620 | D:9      | Killed Grum
 10646 | D:9      | xeno23: нуу
 10659 | D:9      | xeno23: просто охуеть блядь
 10662 | D:9      | xeno23: The helpless Vashnia fails to defend herself. Vashnia's shroud bends your attack away!!!!!
 10807 | D:9      | Noticed a hill giant
 10881 | D:9      | Killed a hill giant
 11183 | D:9      | Found a blossoming altar of Fedhas.
 11184 | D:9      | Found a sparkling altar of Nemelex Xobeh.
 11184 | D:9      | Found a shimmering altar of Xom.
 11186 | D:9      | Found a shadowy altar of Dithmenos.
 11186 | D:9      | Found a stormy altar of Qazlal.
 11188 | D:9      | Found a white marble altar of Elyvilon.
 11188 | D:9      | Found an ancient bone altar of Kikubaaqudgha.
 11189 | D:9      | Found a bloodstained altar of Trog.
 11492 | D:9      | Identified the Guide on Stones and Ice
 11521 | D:9      | Reached skill level 10 in Stealth
 11521 | D:9      | Reached XP level 11. HP: 67/92 MP: 11/11
 11694 | D:10     | Entered Level 10 of the Dungeon
 11728 | D:10     | Found a staircase to the Lair.
 12150 | D:10     | Noticed a catoblepas
 12154 | D:10     | Killed a catoblepas
 13408 | D:11     | Found a staircase to the Orcish Mines.
 13509 | D:11     | Reached skill level 10 in Short Blades
 13806 | D:11     | Noticed Psyche
 13819 | D:11     | Killed Psyche
 13841 | D:11     | Noticed a red ugly thing
 14173 | D:11     | Found Devo's General Store.
 14220 | D:11     | Killed a red ugly thing
 14418 | D:11     | Found a shimmering altar of Xom.
 14468 | D:11     | Killed an unseen horror
 14468 | D:11     | Reached skill level 11 in Stealth
 15059 | D:11     | Found a roughly hewn altar of Beogh.
 15059 | D:11     | Noticed an orc knight
 15462 | D:11     | xeno23: You spit Vashnia like a pig!!! You kill Vashnia! вот же жирная мразь
 15754 | D:11     | Killed an orc knight
 15835 | D:11     | namelastname112: потому что как пиш?
 15835 | D:11     | namelastname112: пиг*
 15863 | D:12     | Noticed a hill giant
 15877 | D:12     | Killed a hill giant
 15877 | D:12     | Reached XP level 12. HP: 59/103 MP: 12/12
 15899 | D:12     | Found Fajau's Distillery.
 16093 | D:12     | Bought a potion of heal wounds for 90 gold pieces
 16093 | D:12     | Bought a potion of curing for 54 gold pieces
 16387 | D:12     | Found Rathreole's Food Shoppe.
 16822 | D:12     | Found Vuamet's General Store.
 16846 | D:12     | Found Syuph's Antique Weapon Boutique.
 16873 | D:12     | xeno23: хм
 16873 | D:12     | namelastname112: вот я тоже смотрю
 16873 | D:12     | namelastname112: и думаю
 16873 | D:12     | namelastname112: хм
 16873 | D:12     | xeno23: ну я не знаю
 16873 | D:12     | xeno23: чет он так себе
 16873 | D:12     | xeno23: спид
 16873 | D:12     | xeno23: ну можно и купить
 16873 | D:12     | namelastname112: 0.4
 16873 | D:12     | xeno23: будешь табать
 16873 | D:12     | namelastname112: +8 броад
 16873 | D:12     | xeno23: ну неплохо
 16873 | D:12     | namelastname112: хуй знает
 16921 | D:12     | xeno23: но экзек элека круче
 17239 | D:12     | namelastname112: ну бля
 17239 | D:12     | namelastname112: очевидно
 17239 | D:12     | namelastname112: !rng buy notuy
 17239 | D:12     | beem: The RNG chooses: buy.
 17240 | D:12     | namelastname112: ну
 17240 | D:12     | namelastname112: рнг решил
 17240 | D:12     | namelastname112: что НАДА БРАТЬ
 17240 | D:12     | namelastname112: но мне чет все равно не хочется
 17259 | D:13     | Noticed a centaur warrior
 17271 | D:13     | Killed a centaur warrior
 17374 | D:13     | Noticed a death knight
 17983 | Lair:1   | Entered Level 1 of the Lair of Beasts
 18019 | Lair:1   | Noticed Gastronok
 18887 | Lair:1   | HP: 5/104 [poisoned by a spiny frog]
 18893 | Lair:1   | HP: 4/104 [poisoned by a spiny frog]
 18899 | Lair:1   | HP: 3/104 [poisoned by a spiny frog]
 18907 | Lair:1   | HP: 3/104 [poisoned by a spiny frog]
 19401 | Lair:1   | Learned a level 2 spell: Passwall
 19404 | Lair:1   | Learned a level 2 spell: Repel Missiles
 19482 | Lair:1   | barb4r1an: блядские мерфолки закололи меня :(
 19488 | Lair:1   | namelastname112: drfe твоего?
 19524 | Lair:1   | barb4r1an: да
 19777 | Lair:1   | Killed Gastronok
 19777 | Lair:1   | Reached skill level 12 in Stealth
 19777 | Lair:1   | Reached skill level 1 in Charms
 20761 | Lair:2   | epen: вы наверное подумали, что я yellow draconian of gozag
 20956 | Lair:2   | epen: но я не yellow draconian of gozag
 21203 | Lair:2   | Noticed mopl's ghost (journeyman HEEn)
 21206 | Lair:2   | epen: я chaos draconian of Xom
 21206 | Lair:2   | epen: не еште меня
 21206 | Lair:2   | Hired Ekluoxiw the merfolk for 271 gold.
 21215 | Lair:2   | Killed mopl's ghost
 21218 | Lair:2   | Noticed a six-headed hydra
 21228 | Lair:2   | Slain by a six-headed hydra

Skill      XL: |  1  2  3  4  5  6  7  8  9 10 11 12 |
---------------+-------------------------------------+-----
Dodging        | 1 2 3 4 5 6 7 |  7.4
Fighting       | 3 4 5 6 7 8 9 |  9.8
Short Blades   | 3 4 5 6 8 9 10 11 | 11.4
Throwing       | 2 3 4 5 6 7 |  7.9
Stealth        | 4 5 6 7 8 10 11 12 | 12.3
Charms         | 2 |  2.1

Action                   |  1- 3 |  4- 6 |  7- 9 | 10-12 || total
-------------------------+-------+-------+-------+-------++-------
Melee: Dagger            |    59 |   192 |   520 |  1429 ||  2200
       Tailslap          |     3 |    20 |    90 |   250 ||   363
       Headbutt          |       |    15 |   131 |   359 ||   505
       Bite              |       |    12 |    70 |   217 ||   299
 Fire: Blowgun           |     5 |       |    85 |    57 ||   147
 Abil: Fly               |       |     1 |       |     1 ||     2
       Spit Acid         |       |       |    11 |    26 ||    37
       Stop Flying       |       |       |       |     1 ||     1
Evoke: Wand              |       |       |     2 |    20 ||    22
       Lamp of fire      |       |       |       |     3 ||     3
       Deck              |       |       |       |     2 ||     2
  Use: Potion            |       |     6 |     1 |     2 ||     9
       Scroll            |       |       |    13 |    15 ||    28
 Stab: Sleeping          |     3 |     6 |    13 |    31 ||    53
       Distracted        |       |       |     1 |     9 ||    10
       Paralysed         |       |       |       |     6 ||     6
       Petrifying        |       |       |       |     4 ||     4
       Confused          |       |       |       |     3 ||     3
  Eat: Chunk             |       |     6 |     6 |     2 ||    14
       Pizza             |       |     1 |     1 |     2 ||     4
       Meat ration       |       |       |     2 |     5 ||     7
       Fruit             |       |       |     2 |     8 ||    10
       Bread ration      |       |       |       |     3 ||     3
       Beef jerky        |       |       |       |     1 ||     1
Armor: Skin              |    31 |    65 |   125 |   300 ||   521
Dodge: Dodged            |    39 |   115 |   298 |   640 ||  1092
